 Dungeon Sprint DCSS version 0.29.1-15-g9cfb28693d (webtiles) character file.

Game seed: 1802039061871898001

981 boopmooplesden the Spear-Bearer (level 7, -12/79 HPs)
             Began as a Minotaur Berserker on Mar 13, 2023.
             Was a High Priest of Trog.
             Mangled by a vampire knight
             ... wielding a +0 battleaxe
              (22 damage)
             ... while paralysed by a vampire knight
             ... in the Dungeon (Sprint VII: "The Pits").
             The game lasted 00:01:42 (612 turns).

boopmooplesden the Spear-Bearer (Minotaur Berserker) Turns: 612, Time: 00:01:43

Health: -12/79     AC: 10    Str: 21    XL:     7   Next: 96%
Magic:  2/2        EV:  2    Int:  4    God:    Trog [*****.]
Gold:   0          SH:  0    Dex: 12    Spells: 6/6 levels left

rFire   . . .      SeeInvis .   n - +6 bardiche (antimagic)
rCold   . . .      Faith    .   (shield currently unavailable)
rNeg    . . .      Spirit   .   l - +3 scale mail
rPois   .          Reflect  .   (helmet restricted)
rElec   .          Harm     .   (no cloak)
rCorr   .          Rampage  .   (no gloves)
Will    .....      NoTele   +   (no boots)
Stlth   +.........              (no amulet)
HPRegen 0.23/turn               (no ring)
MPRegen 0.08/turn               (no ring)

@: paralysed
A: horns 2, retaliatory headbutt
a: Renounce Religion, Berserk, Trog's Hand, Brothers in Arms


You were in the Dungeon.
You worshipped Trog.
Trog was extremely pleased with you.
You visited 1 branch

Inventory:

Hand Weapons
 a - a +0 spear
 i - a +2 trident
 m - a +2 vorpal trident
 n - a +6 antimagic bardiche (weapon)
Armour
 b - a +0 animal skin
 l - a +3 scale mail (worn)
Scrolls
 h - a scroll of blinking
 k - a scroll of summoning
Potions
 c - 6 potions of curing
 d - 6 potions of heal wounds
 e - a potion of haste
 f - 4 potions of magic
 g - 3 potions of berserk rage
 j - 2 potions of invisibility


   Skills:
 + Level 13.0 Fighting
 + Level 13.1 Polearms
 + Level 7.0 Armour
 + Level 7.3 Dodging
 + Level 2.2 Stealth


You had 6 spell levels left.
You didn't know any spells.
Your spell library was empty.

Dungeon Overview and Level Annotations

Branches:
Dungeon (1/1)

Altars:


Innate Abilities, Weirdness & Mutations

You have a pair of horns on your head.
You reflexively headbutt those who attack you in melee.


Message History

You barely miss the gnoll. Your headbutt misses the gnoll.
The gnoll is almost dead.
The gnoll hits you with a +0 spear.
You puncture the gnoll!
You kill the gnoll!
Trog accepts your kill.
You see here a +0 spear.
You see here a bat corpse.
There is an open door here.
You see here a +6 antimagic bardiche.
n - a +6 antimagic bardiche You feel magic leave you.
n - a +6 antimagic bardiche (weapon)
You start resting.
HP restored.
You start waiting.
Done waiting.
You open the door.
A steam dragon and a vampire knight come into view.
The steam dragon hisses angrily.
The vampire knight shouts!
The vampire knight casts a spell.
The vampire knight seems to speed up.
You see here a bat corpse.
You see here a +0 spear.
You see here a +0 spear.
You slash the vampire knight!
The vampire knight's magic leaks into the air.
The vampire knight is lightly damaged.
The vampire knight hits you with a +0 battleaxe!!
The vampire knight completely misses you.
The vampire knight casts a spell at you.
You suddenly lose the ability to move!
The vampire knight's magic is no longer disrupted.
The vampire knight hits you with a +0 battleaxe!!
The vampire knight bites you but does no damage.
The vampire knight hits you with a +0 battleaxe!!
* * * LOW HITPOINT WARNING * * *
The vampire knight barely misses you.
The vampire knight hits you with a +0 battleaxe!!
You die...

#.#..)'.#))##.......#
#.##†####).##.......#
#.#.....#[.##.......#
#.#.....#'###...<...#
#.#.....†..##.......#
#.#........##.......#
#†###########.......#
#.†.....#..##########
#.†.#...#@##
#...#...#V#
#.##.##.#D#
#...#...#÷'..D.+
#...#...#'#....#
#.......).#.V..#
########### ####


You could see a vampire knight (fast) and a steam dragon.

Vanquished Creatures
  Grinder (D)
  An acid dragon (D)
  A water moccasin (D)
  A floating eye (D)
  An ice beast (D)
  A sky beast (D)
  A kobold brigand (D)
  2 scorpions (D)
  A hound (D)
  An iguana (D)
  A gnoll (D)
  A white imp (D)
  An adder skeleton (D)
  A bat (D)
  A giant cockroach (D)
  4 jackals (D)
  A ball python (D)
  A ball python skeleton (D)
  A frilled lizard (D)
  A goblin (D)
24 creatures vanquished.

Notes
Turn   | Place    | Note
-------+----------+-------------------------------------------
     0 | D        | boopmooplesden the Minotaur Berserker began the quest for
                  | the Orb.
     0 | D        | Reached XP level 1. HP: 19/19 MP: 0/0
     8 | D        | Noticed a scorpion
    13 | D        | Killed a scorpion
    14 | D        | Reached XP level 2. HP: 29/31 MP: 1/1
    14 | D        | Reached XP level 3. HP: 36/38 MP: 2/2
    47 | D        | Noticed a scorpion
    55 | D        | Killed a scorpion
    55 | D        | Reached ** piety under Trog
    56 | D        | Reached XP level 4. HP: 24/48 MP: 3/3
   204 | D        | Noticed a floating eye
   208 | D        | Killed a floating eye
   209 | D        | Reached skill level 5 in Armour
   209 | D        | Reached skill level 1 in Stealth
   209 | D        | Reached XP level 5. HP: 49/57 MP: 4/4
   216 | D        | Noticed a sky beast
   217 | D        | Reached *** piety under Trog
   222 | D        | Killed a sky beast
   223 | D        | Reached skill level 10 in Fighting
   223 | D        | Reached skill level 10 in Polearms
   223 | D        | Reached skill level 5 in Dodging
   223 | D        | Reached XP level 6. HP: 67/67 MP: 5/5
   287 | D        | Noticed a water moccasin
   288 | D        | Noticed Grinder
   288 | D        | Noticed an ice beast
   295 | D        | Reached **** piety under Trog
   297 | D        | Killed a water moccasin
   302 | D        | Killed an ice beast
   303 | D        | Reached XP level 7. HP: 75/75 MP: 6/6
   304 | D        | Reached ***** piety under Trog
   312 | D        | Paralysed by Grinder for 4 turns
   318 | D        | Killed Grinder
   406 | D        | Received a gift from Trog
   605 | D        | Noticed a steam dragon
   605 | D        | Noticed a vampire knight
   610 | D        | Paralysed by a vampire knight for 5 turns
   612 | D        | Mangled by a vampire knight

Illustrated notes

Levels and vault maps discovered:
D:        pitsprint [storerooms_1, entrance_room_1, metal_vault_4, armoury_2,
          mini_pit_1, grid_room_1, main_hall_1, silver_pit, the_coven_1,
          the_vestibule_1, steel_vault_3, golden_pit, hallway_of_sentries,
          crystal_vault_6, iron_vault_1, final_vault]

Skill      XL: |  1  2  3  4  5  6  7 |
---------------+----------------------+-----
Fighting       | 6 8 9 10 11 13 | 13.0
Polearms       | 6 7 9 10 11 13 | 13.1
Armour         | 3 4 5 6 7 |  7.0
Dodging        | 3 4 5 6 7 |  7.3
Stealth        | 1 2 |  2.2

Action                   |  1- 3 |  4- 6 |  7- 9 || total
-------------------------+-------+-------+-------++-------
Melee: Spear             |     3 |       |       ||     3
       Headbutt          |     3 |     5 |     5 ||    13
       Trident           |     6 |    19 |    23 ||    48
       Bardiche          |       |       |     1 ||     1
Invok: Berserk           |     1 |     2 |       ||     3
 Stab: Sleeping          |     1 |       |       ||     1
Armor: Animal skin       |     2 |     2 |       ||     4
       Scale mail        |       |     5 |     5 ||    10
Dodge: Dodged            |     7 |    12 |    11 ||    30
